Map: Newkirk Precinct TE (Void)

Players

RiSky

  • Race: Zerg Zerg
  • Spawn Location: 7:00

Impact - Winner!

  • Race: Zerg Zerg
  • Spawn Location: 5:00

Event: IEM XI Katowice - World Championship 2017

VOD

Have the link to the VOD?

Description

Time

  • Played on: Feb. 28, 2017, 4:16 a.m.
  • Length: 9:29

All games in this series

Show
View Real Time Build Order
Export as new Build Order

RiSky Zerg 

Build Orders: Hatch First 

Get SALT Encoding   

  12  0:00  Drone  
  13  0:13  Overlord  
  13  0:18  Drone  
  14  0:31  Drone x2  
  14  0:35  Drone  
  17  0:53  Hatchery  
  17  0:56  Drone  
  17  1:00  Drone  
  18  1:10  Extractor  
  17  1:14  Spawning Pool  
  17  1:17  Drone  
  17  1:21  Drone  
  18  1:30  Drone  
  19  1:39  Overlord  
  19  1:51  Drone  
  20  2:01  Queen, Drone  
  22  2:04  Queen  
  22  2:05  Drone  
  26  2:11  Metabolic Boost  
  26  2:12  Drone  
  27  2:15  Drone  
  27  2:22  Drone  
  29  2:27  Drone  
  30  2:35  Zergling x2  
  31  2:37  Queen  
  31  2:41  Baneling Nest  
  33  2:44  Drone x2  
  33  2:48  Overlord  
  34  2:56  Drone  
  35  2:59  Drone  
  36  3:06  Hatchery  
  36  3:08  Drone  
  36  3:12  Drone  
  37  3:13  Drone  
  37  3:14  Zergling x2  
  37  3:19  Zergling x4  
  41  3:22  Zergling x2  
  41  3:24  Zergling x4  
  43  3:27  Zergling x2  
  43  3:33  Baneling x2  
  44  3:38  Overlord  
  44  3:48  Overlord  
  45  3:49  Hatchery  
  44  4:00  Drone x2  
  44  4:01  Queen  
  48  4:03  Overlord  
  48  4:04  Extractor  
  48  4:05  Roach Warren, Drone  
  48  4:07  Drone  
  48  4:09  Drone x3  
  51  4:15  Drone  
  46  4:17  Drone  
  46  4:21  Zergling x6  
  50  4:26  Drone  
  50  4:29  Lair  
  51  4:34  Drone  
  51  4:35  Drone  
  53  4:41  Extractor  
  53  4:42  Drone  
  53  4:44  Evolution Chamber  
  52  4:46  Drone  
  52  4:48  Drone  
  52  4:52  Drone x2  
  56  4:54  Drone  
  56  4:57  Unknown  
  56  4:58  Drone  
  58  5:00  Baneling x2  
  58  5:06  Drone  
  58  5:09  Queen, Drone  
  58  5:12  Drone  
  58  5:13  Zerg Missile Weapons Level 1  
  62  5:17  Overlord  
  62  5:20  Overlord  
  62  5:22  Drone  
  62  5:24  Overlord x2, Drone  
  62  5:26  Drone  
  62  5:27  Overseer  
  65  5:29  Drone  
  65  5:34  Roach x3  
  72  5:36  Spore Crawler, Roach  
  72  5:37  Roach  
  75  5:44  Glial Reconstitution, Roach x3  
  81  5:50  Queen  
  81  5:55  Overlord x2  
  83  5:57  Drone x2  
  83  5:58  Drone  
  83  5:59  Drone  
  83  6:00  Unknown  
  87  6:04  Overlord  
  87  6:05  Queen  
  87  6:08  Drone  
  87  6:09  Drone  
  87  6:10  Extractor  
  90  6:15  Spore Crawler  
  90  6:17  Drone  
  90  6:18  Drone x5  
  95  6:20  Drone  
  95  6:21  Spore Crawler  
  95  6:23  Drone  
  95  6:25  Drone  
  97  6:27  Queen  
  97  6:29  Drone  
  100  6:34  Overlord  
  100  6:37  Extractor, Drone  
  100  6:38  Extractor, Drone  
  100  6:45  Drone  
  100  6:49  Roach x6  
  100  6:50  Roach  
  100  6:52  Overlord  
  114  6:56  Drone  
  114  6:57  Queen  
  114  6:58  Infestation Pit  
  115  7:02  Roach x2  
  115  7:07  Queen, Overlord  
  120  7:12  Extractor  
  119  7:15  Drone  
  119  7:16  Drone x3  
  119  7:17  Extractor  
  120  7:23  Drone  
  120  7:29  Overlord  
  113  7:44  Queen x3  
  113  7:50  Infestor x3  
  125  7:52  Spore Crawler  
  125  7:53  Roach x2  
  125  7:58  Roach x3  
  124  8:02  Roach x2  
  122  8:07  Roach x3  
  122  8:08  Overseer  
  128  8:15  Spore Crawler, Roach  
  127  8:20  Queen x2  
  127  8:31  Roach x2  
  124  8:47  Roach  
  114  8:48  Overlord x3  
  114  8:57  Spore Crawler  
  114  9:00  Spore Crawler  
  114  9:02  Drone x7  
  113  9:03  Drone x3  
Show
View Real Time Build Order
Export as new Build Order

Impact Zerg - Winner!

Build Orders: Pool First 

Get SALT Encoding   

  12  0:00  Drone  
  13  0:14  Overlord  
  13  0:18  Drone  
  14  0:32  Drone x2  
  16  0:36  Drone  
  17  0:46  Extractor  
  17  0:47  Spawning Pool  
  15  0:51  Drone  
  16  0:57  Drone  
  17  1:08  Drone  
  18  1:21  Hatchery  
  17  1:25  Drone  
  18  1:34  Zergling x2  
  18  1:39  Queen  
  21  1:44  Drone  
  22  1:49  Metabolic Boost  
  22  1:57  Overlord  
  22  2:08  Drone, Baneling Nest  
  22  2:16  Queen  
  22  2:21  Drone  
  25  2:24  Drone  
  26  2:33  Drone  
  27  2:42  Drone  
  28  2:46  Drone x2  
  28  2:47  Drone  
  28  2:48  Zergling x4  
  33  2:55  Zergling x2  
  33  2:57  Zergling x2  
  35  3:05  Zergling x2  
  36  3:06  Baneling x2  
  36  3:09  Overlord  
  36  3:17  Overlord  
  36  3:19  Lair  
  36  3:28  Drone x5  
  36  3:33  Overlord  
  41  3:36  Drone  
  41  3:38  Drone  
  41  3:40  Baneling  
  43  3:41  Extractor x2  
  43  3:44  Baneling  
  40  3:51  Drone  
  40  3:53  Drone  
  42  3:57  Drone  
  42  4:00  Drone x5  
  48  4:03  Drone  
  48  4:05  Overlord  
  48  4:07  Drone  
  50  4:16  Drone x2  
  51  4:19  Extractor  
  51  4:23  Drone  
  51  4:26  Spire  
  51  4:29  Drone x3  
  51  4:30  Drone  
  54  4:36  Zergling x2  
  54  4:37  Zergling x6  
  58  4:41  Overseer  
  58  4:45  Overlord  
  58  4:46  Overlord  
  58  4:48  Baneling x2  
  58  5:01  Hatchery  
  57  5:09  Drone  
  57  5:13  Overlord x2  
  58  5:39  Mutalisk x6  
  58  5:42  Unknown  
  70  5:44  Mutalisk  
  70  5:48  Drone x5  
  77  5:53  Queen  
  77  5:54  Extractor  
  77  5:55  Mutalisk, Drone  
  77  5:56  Extractor  
  80  6:03  Zerg Flyer Weapons Level 1  
  80  6:08  Overlord  
  80  6:09  Overlord  
  80  6:10  Mutalisk  
  82  6:12  Zergling x10  
  82  6:16  Queen  
  89  6:19  Mutalisk  
  89  6:21  Zergling x2  
  92  6:25  Drone  
  92  6:26  Drone  
  92  6:29  Mutalisk  
  92  6:31  Drone  
  97  6:34  Evolution Chamber  
  97  6:35  Mutalisk  
  99  6:40  Drone x2  
  99  6:47  Mutalisk  
  99  6:49  Zergling x2  
  99  6:50  Zergling x4  
  103  6:55  Mutalisk x2  
  103  6:56  Overlord  
  107  7:01  Mutalisk  
  107  7:05  Zergling x2  
  107  7:06  Zergling x6  
  113  7:11  Overlord  
  113  7:15  Overlord  
  113  7:17  Overlord  
  113  7:20  Mutalisk  
  115  7:23  Mutalisk  
  115  7:28  Zerg Melee Weapons Level 1, Mutalisk  
  119  7:33  Mutalisk  
  119  7:36  Zergling x4  
  119  7:37  Zergling x4  
  119  7:40  Mutalisk  
  119  7:43  Zergling x6  
  122  7:47  Overlord  
  122  7:51  Mutalisk  
  121  7:57  Mutalisk  
  121  8:00  Mutalisk  
  123  8:10  Drone x5  
  123  8:12  Drone x2  
  130  8:13  Mutalisk x2  
  134  8:24  Mutalisk x2  
  134  8:25  Overlord  
  138  8:35  Zergling x8  
  138  8:37  Mutalisk  
  138  8:40  Mutalisk  
  140  8:41  Zergling x8  
  140  8:47  Mutalisk  
  140  8:48  Zergling x6  
  147  8:53  Overseer  
  139  9:17  Hatchery  

Tags
 
Add a new tag
Caveats
  • Supply blocks, unpowered buildings, or Contaminate may cause inaccurate times.
  • Supply counts are checked every 10 seconds.